 Dungeon Crawl Stone Soup version 0.21.0 (webtiles) character file.

39265 theswoord the Peltast (level 14, -15/103 HPs)
             Began as a Gargoyle Fighter on Jan 7, 2018.
             Was a High Priest of Makhleb.
             Demolished by a dire elephant (31 damage)
             ... on level 6 of the Lair of Beasts.
             The game lasted 00:46:36 (16721 turns).

theswoord the Peltast (Gargoyle Fighter)           Turns: 16721, Time: 00:46:37

Health: -15/103    AC: 22    Str: 19    XL:     14   Next: 5%
Magic:  19/19      EV: 24    Int:  8    God:    Makhleb [*****.]
Gold:   335        SH: 15    Dex: 22    Spells: 13/13 levels left

rFire    . . .     SeeInvis .   G - +4 whip
rCold    + + .     Gourm    .   c - +0 shield
rNeg     + + .     Faith    .   D - +0 ring mail "Xer Wogi" {rC++}
rPois    ∞         Spirit   .   e - +1 hat {Int+3}
rElec    +         Reflect  .   s - +0 cloak (curse)
rCorr    .         Harm     +   h - +2 pair of gloves
MR       .....                  p - +0 pair of boots
Stlth    +++.......             L - amulet of Baugait {Harm *Drain rElec MR- Slay+4 Stlth+}
HPRegen  0.27/turn              J - +4 ring of evasion
MPRegen  0.16/turn              m - ring of Xietz {+Fly rN+ Int-4 Dex+4}

@: agile, about to teleport
A: big wings, dopey 1, negative energy resistance 1, robust 1, electricity
resistance, unbreathing, petrification resistance, rot immunity, AC +10
a: Fly, Minor Destruction, Lesser Servant of Makhleb, Major Destruction, Greater
Servant of Makhleb, Renounce Religion, Evoke Flight


You were on level 6 of the Lair of Beasts.
You worshipped Makhleb.
Makhleb was extremely pleased with you.
You were not hungry.

You visited 3 branches of the dungeon, and saw 15 of its levels.

You collected 908 gold pieces.
You spent 573 gold pieces at shops.

Inventory:

Hand Weapons
 a - a +0 flail
 i - a +1 whip
 G - a +4 whip (weapon)
Armour
 b - a +0 scale mail
 c - a +0 shield (worn)
 e - a +1 hat of intelligence (worn)
 h - a +2 pair of gloves (worn)
 p - a +0 pair of boots (worn)
 s - a cursed +0 cloak (worn)
 D - the +0 ring mail "Xer Wogi" (worn) {rC++}
   (You bought it in a shop on level 7 of the Dungeon)

   It greatly protects you from cold.
 F - a +0 plate armour
Jewellery
 m - the ring of Xietz (right hand) {+Fly rN+ Int-4 Dex+4}
   (You found it on level 3 of the Lair of Beasts)

   [ring of flight]

   It affects your intelligence (-4).
   It affects your dexterity (+4).
   It protects you from negative energy.
   It lets you fly.
 o - an uncursed ring of magical power
 q - an uncursed amulet of rage
 r - a +4 amulet of reflection
 y - an uncursed ring of wizardry
 H - an uncursed ring of see invisible
 J - a +4 ring of evasion (left hand)
 L - the amulet of Baugait (around neck) {Harm *Drain rElec MR- Slay+4 Stlth+}
   (You found it on level 1 of the Lair of Beasts)

   [amulet of harm]

   It increases damage dealt and taken.
   It affects your accuracy and damage with ranged weapons and melee attacks
   (+4).
   It insulates you from electricity.
   It affects your resistance to hostile enchantments.
   It causes draining when unequipped.
   It makes you more stealthy.
Wands
 B - a wand of acid (7)
 C - a wand of iceblast (18)
Scrolls
 v - a scroll of identify
 w - 2 scrolls of fear
 x - 8 scrolls of remove curse
 z - 2 scrolls of magic mapping
 A - 3 scrolls of fog
 M - 4 scrolls of amnesia
 N - a scroll of immolation
 Q - a scroll of torment
 R - 2 scrolls of enchant weapon
 S - 2 scrolls of teleportation
Potions
 g - 2 potions of brilliance
 j - 3 potions of flight
 k - 2 potions of invisibility
 l - 3 potions of lignification
 n - a potion of mutation
 u - a potion of degeneration
 E - a potion of berserk rage
 I - a potion of cancellation
 K - 3 potions of magic
Books
 t - a book of Conjurations

   Spells                             Type                      Level
   a - Magic Dart                     Conjuration                  1
   b - Searing Ray                    Conjuration                  2
   c - Dazzling Spray                 Conjuration/Hexes            3
   d - Fulminant Prism                Conjuration/Hexes            4
   e - Force Lance                    Conjuration/Translocation    4
   f - Iskenderun's Mystic Blast      Conjuration                  4
 O - a book of Summonings

   Spells                             Type                      Level
   a - Recall                         Summoning/Translocation      3
   b - Aura of Abjuration             Summoning                    5
   c - Summon Demon                   Summoning                    5
   d - Summon Forest                  Summoning/Translocation      5
   e - Summon Mana Viper              Hexes/Summoning              5
   f - Shadow Creatures               Summoning                    6
Comestibles
 d - 12 chunks of flesh
 f - 26 rations


   Skills:
 + Level 13.4 Fighting
 - Level 12.0 Maces & Flails
 - Level 4.2 Armour
 + Level 5.0 Dodging
 - Level 15.0 Shields
 + Level 7.2 Invocations


You had 13 spell levels left.
You didn't know any spells.

Dungeon Overview and Level Annotations

Branches:
Dungeon (8/15)             Temple (1/1) D:6            Lair (6/6) D:8
  Swamp (0/4) Lair:2        Snake (0/4) Lair:3        Slime (0/5) Lair:6

Altars:
Ashenzari
Cheibriados
Dithmenos
Elyvilon
Fedhas
Hepliaklqana
Kikubaaqudgha
Makhleb
Okawaru
Qazlal
Ru
Sif Muna
Trog
Vehumet
Wu Jian
Xom
Yredelemnul
The Shining One
Jiyva

Shops:
D:6 [   D:7 ?*[%

Annotations:
D:4 exclusion: statue
Lair:4 exclusion: oklob plant
Lair:5 exclusion: 2 oklob plants


Innate Abilities, Weirdness & Mutations

You are resistant to torment.
Your stone body is resilient. (AC +10)
You are immune to poison.
Your large and strong wings let you fly indefinitely.
You resist negative energy. (rN+)
You are resistant to electric shocks. (rElec)
You can survive without breathing.
You are immune to petrification.
You are immune to rotting.
You are dopey. (Int -2)
You are robust. (+10% HP)


Message History

The dire elephant trunk-slaps you but does no damage.
You hit the dire elephant but do no damage.
You whack the dire elephant! The dire elephant tramples you!!
You stumble backwards!
You thrash the dire elephant!! You hit the dire elephant.
The dire elephant tramples you!!
* * * LOW HITPOINT WARNING * * *
You hold your ground!
You block the dire elephant's attack.
You hit the dire elephant. You hit the dire elephant.
You block the dire elephant's attack. x2
Okay, then.
You feel agile all of a sudden. The dire elephant tramples you!!
* * * LOW HITPOINT WARNING * * *
You hold your ground!
You block the dire elephant's attack.
The dire elephant completely misses you.
You block the dire elephant's attack.
As you read the scroll of teleportation, it crumbles to dust.
You feel strangely unstable. The dire elephant tramples you!!
You die...

###......##.....♣
#.#####.P##
#.......####....♣##.#..'..##
##...#...###.....##..#..'.##
.....P....PP.....##.##..###
......P.........###.#P..#
..#...P.PP.....♣#...#8.8#
.....#####.#...##.####'##
......####.....#Y.#≈..)##
.##......#.....#@##≈≈≈..#
.##...P........#.#≈≈≈≈≈≈#
..#............#.#.≈≈≈≈≈#
...............#.##.≈≈≈##
...........###.#.####''#
...#PP.#...###.#.8##....
#######........'...#....#
...###.....#...'.⌠.#....#
.#÷............'...#??%(#


You could see a dire elephant.

Vanquished Creatures
  A dire elephant (Lair:6)
  4 hydras
  An anaconda (Lair:6)
  A catoblepas (Lair:3)
  3 death yaks (Lair:4)
  2 two-headed ogres (D:8)
  The ghost of HungrySpirit the Slicer, a novice DEAr of Vehumet (D:8)
  16 elephants
  5 black mambas
  A torpor snail (Lair:2)
  14 spiny frogs
  4 rime drakes
  5 komodo dragons
  A polar bear (Lair:4)
  14 blink frogs
  4 hippogriffs
  10 dream sheep
  20 yaks
  A basilisk (Lair:3)
  20 water moccasins
  6 porcupines
  2 phantoms (D:7)
  2 ice beasts
  5 sky beasts
  2 black bears
  An orc warrior (D:8)
  A necrophage (D:7)
  11 wolves
  3 ogres
  2 centaurs (D:6)
  14 crocodiles
  4 gnoll sergeants (D:8)
  9 bullfrogs
  2 scorpions (D:6)
  A wight (D:8)
  An electric eel (Lair:4)
  4 crimson imps
  2 jellies
  3 orc priests
  Crazy Yiuf (D:3)
  5 hounds
  7 iguanas
  Natasha (thrice) (D:2)
  3 orc wizards
  7 hell rats (Lair:4)
  8 worker ants
  A killer bee zombie (D:7)
  2 hound skeletons
  A howler monkey zombie (D:5)
  A worker ant zombie (D:8)
  5 gnolls
  15 adders
  A howler monkey skeleton (D:4)
  2 shadow imps (D:5)
  An ooze (D:1)
  An adder zombie (D:7)
  2 adder skeletons
  6 worms
  3 dart slugs
  6 leopard geckos
  31 orcs
  8 bats
  2 giant cockroaches
  11 goblins
  9 hobgoblins
  6 jackals
  2 kobolds (D:1)
  3 quokkas
  A ball python (D:5)
  4 frilled lizards
  A jackal skeleton (D:4)
  A leopard gecko skeleton (D:6)
  A quokka zombie (D:5)
  3 rats
  A plant (Lair:6)
368 creatures vanquished.

Vanquished Creatures (others)
  A centaur (D:6)
  A kobold (D:3)
  14 fungi
  20 plants
  9 toadstools (Lair:4)
45 creatures vanquished.

Grand Total: 413 creatures vanquished

Notes
Turn   | Place    | Note
-------+----------+-------------------------------------------
     0 | D:1      | theswoord the Gargoyle Fighter began the quest for the Orb.
     0 | D:1      | Reached XP level 1. HP: 14/14 MP: 1/1
    84 | D:1      | Reached XP level 2. HP: 17/19 MP: 2/2
   390 | D:1      | Reached XP level 3. HP: 20/23 MP: 3/3
   910 | D:2      | Reached XP level 4. HP: 28/28 MP: 4/4
  1320 | D:2      | Found a hazy altar of Hepliaklqana.
  1323 | D:2      | Noticed Natasha
  1338 | D:2      | Killed Natasha
  1338 | D:2      | Reached skill level 5 in Maces & Flails
  1338 | D:2      | Reached XP level 5. HP: 32/32 MP: 5/5
  1398 | D:2      | Noticed Natasha
  1422 | D:2      | Killed Natasha
  1616 | D:2      | Noticed Natasha
  1626 | D:2      | Killed Natasha
  1908 | D:3      | Reached XP level 6. HP: 37/37 MP: 6/6
  2005 | D:3      | Found a runed door.
  2956 | D:3      | Noticed Crazy Yiuf
  2982 | D:3      | Killed Crazy Yiuf
  3412 | D:4      | Reached XP level 7. HP: 34/41 MP: 7/7
  3655 | D:4      | Found a radiant altar of Vehumet.
  4477 | D:5      | Entered Level 5 of the Dungeon
  4737 | D:5      | Reached XP level 8. HP: 31/46 MP: 8/8
  5751 | D:5      | Found a sacrificial altar of Ru.
  5850 | D:6      | Found Uchomi's Armour Emporium.
  5920 | D:6      | Reached skill level 10 in Maces & Flails
  6207 | D:6      | Reached XP level 9. HP: 45/51 MP: 9/9
  6241 | D:6      | Gained mutation: Your large and strong wings let you fly indefinitely. [potion of mutation]
  6241 | D:6      | Gained mutation: You are dopey. (Int -2) [potion of mutation]
  6241 | D:6      | Gained mutation: You are robust. (+10% HP) [potion of mutation]
  6323 | D:6      | Found a stormy altar of Qazlal.
  6462 | D:6      | Found a staircase to the Ecumenical Temple.
  6485 | Temple   | Entered the Ecumenical Temple
  6518 | Temple   | Became a worshipper of Makhleb the Destroyer
  6815 | D:7      | Found Vedad's Assorted Antiques.
  6816 | D:7      | Found Wudaxzoy's Magic Scroll Shoppe.
  6850 | D:7      | Found Xomo's Antique Armour Shoppe.
  6854 | D:7      | Found Garhicw's Food Shoppe.
  6859 | D:7      | Bought a faintly humming ring mail for 261 gold pieces
  6869 | D:7      | Identified the +0 ring mail "Xer Wogi" {rC++} (You bought it in a shop on level 7 of the Dungeon)
  7226 | D:7      | Reached skill level 4 in Shields
  7256 | D:7      | Found an ancient bone altar of Kikubaaqudgha.
  7679 | D:7      | Reached skill level 5 in Shields
  7793 | D:8      | Noticed HungrySpirit's ghost (novice DEAr)
  7857 | D:8      | Killed HungrySpirit's ghost
  7857 | D:8      | Reached skill level 5 in Fighting
  7857 | D:8      | Reached skill level 6 in Shields
  8112 | D:8      | Reached * piety under Makhleb
  8112 | D:8      | Reached XP level 10. HP: 64/64 MP: 10/10
  8148 | D:8      | Reached skill level 7 in Shields
  8232 | D:8      | Noticed a two-headed ogre
  8241 | D:8      | Killed a two-headed ogre
  8241 | D:8      | Reached skill level 8 in Shields
  8293 | D:8      | Found a staircase to the Lair.
  8302 | D:8      | Noticed a two-headed ogre
  8310 | D:8      | Killed a two-headed ogre
  8310 | D:8      | Reached skill level 9 in Shields
  8868 | Lair:1   | Entered Level 1 of the Lair of Beasts
  8974 | Lair:1   | Noticed a spiny frog
  8980 | Lair:1   | Noticed a black mamba
  8998 | Lair:1   | Killed a spiny frog
  9013 | Lair:1   | Killed a black mamba
  9013 | Lair:1   | Reached skill level 10 in Shields
  9049 | Lair:1   | Reached XP level 11. HP: 74/74 MP: 11/11
  9263 | Lair:1   | Reached ** piety under Makhleb
  9266 | Lair:1   | Reached skill level 11 in Shields
  9270 | Lair:1   | Got a fine zirconium amulet
  9274 | Lair:1   | Identified the amulet of Baugait {Harm *Drain rElec MR- Slay+4 Stlth+} (You found it on level 1 of the Lair of Beasts)
  9875 | Lair:2   | Found a staircase to the Swamp.
 10078 | Lair:2   | Noticed an eight-headed hydra
 10451 | Lair:1   | Killed an eight-headed hydra
 10451 | Lair:1   | Reached skill level 12 in Shields
 11080 | Lair:2   | Reached skill level 13 in Shields
 11226 | Lair:2   | Reached XP level 12. HP: 80/84 MP: 12/12
 11295 | Lair:2   | Reached skill level 10 in Fighting
 11756 | Lair:3   | Reached *** piety under Makhleb
 11771 | Lair:3   | Noticed an eight-headed hydra
 11773 | Lair:3   | Found a staircase to the Snake Pit.
 11797 | Lair:3   | Killed an eight-headed hydra
 11844 | Lair:3   | Reached skill level 14 in Shields
 12020 | Lair:3   | Noticed a catoblepas
 12040 | Lair:3   | Killed a catoblepas
 12325 | Lair:3   | Noticed a five-headed hydra
 12335 | Lair:3   | Killed a five-headed hydra
 12350 | Lair:3   | Got a transparent lead ring
 12392 | Lair:3   | Identified the ring of Xietz {+Fly rN+ Int-4 Dex+4} (You found it on level 3 of the Lair of Beasts)
 12663 | Lair:4   | Reached skill level 15 in Shields
 12865 | Lair:4   | Reached skill level 1 in Invocations
 12940 | Lair:4   | Reached XP level 13. HP: 90/93 MP: 14/14
 13029 | Lair:4   | You fall through a shaft for 2 floors!
 13029 | Lair:6   | Entered Level 6 of the Lair of Beasts
 13042 | Lair:6   | Reached **** piety under Makhleb
 13062 | Lair:6   | Found a staircase to the Slime Pits.
 13062 | Lair:6   | Found a viscous altar of Jiyva.
 13104 | Lair:6   | Reached skill level 1 in Dodging
 13954 | Lair:6   | Reached skill level 5 in Invocations
 14014 | Lair:6   | Noticed a dire elephant
 14125 | Lair:6   | Identified a scroll of acquirement
 14126 | Lair:6   | Found the +2 Maxwell's thermic engine {flame, freeze, rF- rC-}
 14161 | Lair:6   | Noticed a dire elephant
 14161 | Lair:6   | Noticed a dire elephant
 14213 | Lair:6   | HP: 3/95 [dire elephant (12)]
 14503 | Lair:6   | Noticed a dire elephant
 14970 | Lair:5   | You fall through a shaft!
 14970 | Lair:6   | Noticed a dire elephant
 15397 | Lair:5   | Reached ***** piety under Makhleb
 15632 | D:7      | Bought a scroll of enchant weapon for 90 gold pieces
 15632 | D:7      | Bought a scroll of teleportation for 36 gold pieces
 15632 | D:7      | Bought a scroll of teleportation for 36 gold pieces
 15632 | D:7      | Bought a scroll of enchant weapon for 90 gold pieces
 15632 | D:7      | Bought a scroll of identify for 24 gold pieces
 15632 | D:7      | Bought a scroll of teleportation for 36 gold pieces
 15793 | Lair:4   | Found a blossoming altar of Fedhas.
 16417 | Lair:6   | Killed a dire elephant
 16619 | Lair:6   | Mutation became permanent: Your large and strong wings let you fly indefinitely. [Gargoyle growth]
 16619 | Lair:6   | Gained mutation: Your large and strong wings let you fly indefinitely. [Gargoyle growth]
 16619 | Lair:6   | Reached XP level 14. HP: 103/103 MP: 19/19
 16644 | Lair:6   | Reached skill level 5 in Dodging
 16721 | Lair:6   | Demolished by a dire elephant

Skill      XL: |  1  2  3  4  5  6  7  8  9 10 11 12 13 14 |
---------------+-------------------------------------------+-----
Maces & Flails | 3 4 5 6 7 9 11 12 | 12.0
Shields        | 6 10 13 15 | 15.0
Fighting       | 5 7 9 11 13 | 13.4
Invocations    | 1 7 |  7.2
Armour         | 4 |  4.2
Dodging        | 4 5 |  5.0

Action                   |  1- 3 |  4- 6 |  7- 9 | 10-12 | 13-15 || total
-------------------------+-------+-------+-------+-------+-------++-------
Melee: Flail             |    31 |       |       |       |       ||    31
       Whip              |    93 |   308 |   846 |   926 |   644 ||  2817
  Use: Scroll            |       |    11 |     4 |    14 |     6 ||    35
       Potion            |       |     2 |     6 |     7 |     2 ||    17
 Stab: Distracted        |       |       |       |       |     1 ||     1
  Eat: Chunk             |       |     8 |     9 |    16 |     9 ||    42
       Ration            |       |       |     2 |       |     1 ||     3
Armor: Scale mail        |    48 |    83 |   137 |       |       ||   268
       Ring mail         |       |       |    46 |   204 |    94 ||   344
Dodge: Dodged            |    28 |    48 |   117 |   269 |   180 ||   642
Block: Shield            |    55 |   165 |   362 |   418 |   231 ||  1231
       Reflection        |       |     8 |     9 |       |       ||    17

Vault maps used:
D:1:      minmay_arrival_up_and_down
D:2:      nicolae_overflow_crystal_walls, first_ration, moated_statue,
          uniq_natasha
D:3:      kennysheep_another_room, solitary_fountain, minmay_door_square,
          minmay_vboxes, uniq_crazy_yiuf_cottage
D:4:      vehumet_statue
D:5:      cheibrodos_iron_armory, kennysheep_little_box
D:6:      kennysheep_mini_moat, lemuel_temple_firewalk_b, serial_shops, shop
D:7:      lemuel_coloured_pillars_altar, grunt_ogre_cave,
          minmay_misc_feat_enclosed, minmay_shop_grid_forest
D:8:      lair_entry_dummy, sword_in_stone
Temple:   nicolae_temple_elliptical
Lair:2:   swamp_mist, st_stairs_4
Lair:3:   beast_lair_carwin_large_2, minmay_snake_entry_six_corridors
Lair:4:   tgw_fedhas
Lair:5:   minmay_lair_oklob_chamber, grunt_megastairs_4
Lair:6:   due_jungle_book, slime_altar_1
